 Dungeon Crawl Stone Soup version 0.25.1-9-gc5326a611f (webtiles) character file.

Game seed: 14560968383990480758

448 Revguard the Slasher (level 6, 0/46 HPs)
             Began as a Demonspawn Gladiator on Feb 5, 2021.
             Was a Follower of Ru.
             Slain by a worker ant (6 damage)
             ... on level 5 of the Dungeon.
             The game lasted 00:12:32 (4629 turns).

Revguard the Slasher (Demonspawn Gladiator)         Turns: 4629, Time: 00:12:32

Health: 0/46       AC:  9    Str: 14 (15) XL:     6   Next: 73%
Magic:  7/7        EV: 11    Int:  7 (9)  God:    Ru [*.....]
Gold:   117        SH:  0    Dex: 15 (16) Spells: 5/5 levels left

rFire    . . .     SeeInvis .   a - +0 long sword
rCold    . . .     Gourm    .   (no shield)
rNeg     . . .     Faith    .   o - +0 scale mail
rPois    .         Spirit   .   c - +0 helmet
rElec    .         Reflect  .   (no cloak)
rCorr    .         Harm     .   (no gloves)
MR       .....                  s - +0 pair of boots
Stlth    +.........             (no amulet)
HPRegen  0.15/turn              (no ring)
MPRegen  0.10/turn              (no ring)

@: no status effects
A: claws 1, nightstalker 1, no ice magic, no translocations magic, no
transmutations magic
a: Renounce Religion


You were on level 5 of the Dungeon.
You worshipped Ru.
Ru was aware of your devotion.
You were very hungry.

You visited 1 branch of the dungeon, and saw 6 of its levels.

You collected 117 gold pieces.

Inventory:

Hand Weapons
 a - a +0 long sword (weapon)
Missiles
 d - 3 throwing nets (quivered)
Armour
 c - a +0 helmet (worn)
 o - a +0 scale mail (worn)
 s - a +0 pair of boots (worn)
Jewellery
 i - an uncursed ring of ice
Wands
 l - a wand of digging (4)
Scrolls
 e - a scroll of magic mapping
 h - 5 scrolls of remove curse
 n - a scroll of enchant armour
Potions
 j - a potion of brilliance
 p - a potion of flight
Comestibles
 f - 9 rations


   Skills:
 + Level 2.6 Fighting
 + Level 4.9 Long Blades
 + Level 1.8 Throwing
 + Level 2.9 Armour
 + Level 3.4 Dodging
 + Level 1.1 Stealth
 * Level 1.9 Evocations


You had 5 spell levels left.
You didn't know any spells.
Your spell library was empty.

Dungeon Overview and Level Annotations

Branches:
Dungeon (6/15)
 Temple: D:4-7

Altars:
Fedhas
Ru
Xom

Annotations:
D:4 2 runed translucent doors, sirjames's ghost, amateur DDNe


Innate Abilities, Weirdness & Mutations

You have sharp fingernails.
You are slightly more attuned to the shadows.
You cannot study or cast Ice magic.
You cannot study or cast Translocations magic.
You cannot study or cast Transmutations magic.


Message History

The hippogriff misses you.
The hippogriff pecks you but does no damage.
The hippogriff closely misses you. The worker ant barely misses you.
You climb upwards.
Found 13 gold pieces.
Found a shimmering altar of Xom.
There is a stone staircase leading down here.
The hippogriff barely misses you.
The hippogriff pecks you but does no damage.
The hippogriff claws you but does no damage.
The worker ant closely misses you.
You riposte.
You hit the worker ant but do no damage.
The worker ant bites you but does no damage.
The hippogriff completely misses you. The hippogriff closely misses you.
The hippogriff claws you but does no damage.
A crimson imp comes into view.
The worker ant bites you but does no damage.
Found a curved runed staff.
The crimson imp begins to attack, but is stunned by your will!
The worker ant bites you.
You die...

... .... ..
....########...
...............
...............
..............
......@5....#
......Ha....#
.....|......#
............#
............#
............#######
....#####.........#
... #.........#
#.........#


You could see a hippogriff, a worker ant and a crimson imp.

Vanquished Creatures
  A phantom (D:4)
  A centaur (D:3)
  A scorpion (D:3)
  A hound (D:4)
  2 orc wizards
  An orc priest (D:4)
  A worker ant (D:4)
  Robin (D:4)
  An adder (D:3)
  An ooze (D:2)
  2 dart slugs (D:1)
  3 leopard geckos (D:3)
  8 orcs
  A ball python (D:2)
  3 bats
  4 giant cockroaches
  21 goblins
  5 hobgoblins
  2 jackals (D:3)
  4 kobolds
  2 frilled lizards (D:2)
  4 rats
  A plant (D:3)
71 creatures vanquished.

Vanquished Creatures (others)
  A hobgoblin (D:4)
1 creature vanquished.

Grand Total: 72 creatures vanquished

Notes
Turn   | Place    | Note
-------+----------+-------------------------------------------
     0 | D:1      | Revguard the Demonspawn Gladiator began the quest for the
                  | Orb.
     0 | D:1      | Reached XP level 1. HP: 16/16 MP: 1/1
   218 | D:1      | Reached skill level 3 in Long Blades
   218 | D:1      | Gained mutation: You have sharp fingernails. [demonic
                  | ancestry]
   218 | D:1      | Reached XP level 2. HP: 13/22 MP: 2/2
   920 | D:2      | Found a sacrificial altar of Ru.
   936 | D:2      | Reached XP level 3. HP: 12/27 MP: 3/3
   948 | D:2      | Became a worshipper of Ru the Awakened
  1295 | D:2      | Reached skill level 1 in Armour
  1525 | D:3      | Reached XP level 4. HP: 33/33 MP: 4/4
  1591 | D:3      | Noticed a centaur
  1601 | D:3      | Killed a centaur
  1601 | D:3      | Reached skill level 4 in Long Blades
  1601 | D:3      | Reached XP level 5. HP: 22/38 MP: 5/5
  1805 | D:3      | Found a blossoming altar of Fedhas.
  1879 | D:3      | HP: 1/38 [scorpion (8)]
  2565 | D:3      | Reached skill level 1 in Stealth
  2811 | D:3      | Gained mutation: You cannot study or cast Ice magic. [Ru
                  | sacrifice]
  2811 | D:3      | Gained mutation: You cannot study or cast Transmutations
                  | magic. [Ru sacrifice]
  2811 | D:3      | Gained mutation: You cannot study or cast Translocations
                  | magic. [Ru sacrifice]
  2811 | D:3      | Reached * piety under Ru
  3315 | D:4      | Reached skill level 1 in Evocations
  3396 | D:4      | Found a runed translucent door.
  3401 | D:4      | Noticed sirjames's ghost (amateur DDNe)
  3418 | D:4      | Noticed a phantom
  3440 | D:4      | Killed a phantom
  3440 | D:4      | Gained mutation: You are slightly more attuned to the
                  | shadows. [demonic ancestry]
  3440 | D:4      | Reached XP level 6. HP: 32/46 MP: 5/7
  3567 | D:4      | Noticed Robin
  3593 | D:4      | Killed Robin
  4050 | D:4      | Found a runed translucent door.
  4583 | D:5      | Entered Level 5 of the Dungeon
  4586 | D:5      | Noticed a hippogriff
  4604 | D:5      | HP: 2/46 [hippogriff (3)]
  4605 | D:6      | Noticed an ice beast
  4612 | D:5      | Found a shimmering altar of Xom.
  4629 | D:5      | Slain by a worker ant

Illustrated notes

Levels and vault maps discovered:
D:1:      saegor_arrival_simple_c, layout_rooms
D:2:      layout_rooms, nicolae_ru_great_annihilating_truth, amethyst_killhole
D:3:      layout_basic, first_ration, minmay_strange_pillars,
          fedhas_ov_isle_minmay
D:4:      layout_loops_ring, ebering_ghost_sewer_f, uniq_robin
D:5:      layout_gridville, serial_shops, shop, basic_altar
D:6:      layout_rooms, temple_fountains, lightli_ossuary_entry_decrepit_ruins,
          uniq_duvessa

Skill      XL: |  1  2  3  4  5 |
---------------+----------------+-----
Dodging        | 3 |  3.4
Long Blades    | 3 4 |  4.9
Armour         | 1 2 |  2.9
Stealth        | 1 |  1.1
Evocations     | 1 |  1.9
Fighting       | |  2.6
Throwing       | |  1.8

Action                   |  1- 3 |  4- 6 || total
-------------------------+-------+-------++-------
Melee: Long sword        |    75 |   203 ||   278
Invok: Sacrifice Arcana  |       |     1 ||     1
Evoke: Wand              |       |     6 ||     6
  Use: Scroll            |       |     8 ||     8
       Potion            |       |     8 ||     8
 Stab: Paralysed         |     2 |     4 ||     6
  Eat: Chunk             |     2 |     9 ||    11
Armor: Leather armour    |    16 |       ||    16
       Scale mail        |     4 |    82 ||    86
Dodge: Dodged            |    51 |   157 ||   208
       Rpst.: Long sword |    17 |    53 ||    70
